Unix NetHack Version 5.0.0-0 post-release - last build Jun 10 2026 00:39:30 (3ee93aec679c4c4259841fe613dc97188e26a321,branch:main).

Game began 2026-06-04 22:22:08, ended 2026-06-23 03:03:50.

FalseGod, chaotic male elven Priest

                                       5
                                   ---------
                                   |.......|5
                                   |.......|                  -----
                                   |...@...|                  |...
                                   |..)&...|                 --..---------
                                | 4|.......|  |       ...-- --.%.|.......|
                                |. ----%---- .|     .... %---...)|.......|
                              1 |..455%a54.5..|     .$...%%%%?)%)-...%...|
                                ---..45a....---     %[.%..---..).|.......|
                                  -----)-----       .%[     --...|.......|
                                     1.1. 4        --|-      --..---------
                                   15 .  45  -------...       |...
                                        44   |....%....       -----
                                      ...   --........
                                      .%.  --.... ...
                                      -%----...
                                      .a......
                                      -------
FalseGod the High Priest     St:25 Dx:18 Co:16 In:17 Wi:24 Ch:16  Chaotic
Astral Plane $:0 HP:193(194) Pw:373(504) AC:-44 Xp:30 Satiated Burdened T:57310

Latest messages:
 Pestilence touches the giant ant.
 The giant ant is killed!
 What do you want to use or apply? [bcfhikmos-uwyzBEIMOS-W or ?*] c
 You put a wand of cold (0:7) into the bag of holding.
 You put a cursed wand of secret door detection (0:6) into the bag of holding.
 You put a wand of sleep (0:8) into the bag of holding.
 You put a wand of stasis (0:3) into the bag of holding.
 You put a wand of stasis (0:3) into the bag of holding.
 You put a wand of stasis (0:1) into the bag of holding.
 You put a wand of teleportation (0:2) into the bag of holding.
 Pestilence touches it.
 Pestilence misses it.
 The giant beetle misses it.
 Pestilence zaps a wand of magic missile!
 The magic missile whizzes by you!
 The magic missile bounces!
 The magic missile whizzes by you!
 What do you want to use or apply? [bchios-uwyzBEIMTW or ?*] c
 You have a little trouble removing f - a blessed tin of Kop Kaptain meat.
 m - a blessed tin of Medusa meat.
 k - 2 blessed tins of shopkeeper meat.
 O - a blessed tin of stalker meat.
 S - a blessed tin of Wizard of Yendor meat.
 Pestilence touches it.
 Pestilence touches it.
 It swings its silver mace at Pestilence.
 It hits Pestilence.
 It swings its silver mace at Pestilence.
 It hits Pestilence.
 It misses Pestilence.
 The giant beetle misses the giant beetle.
 Pestilence zaps a wand of magic missile!
 The magic missile whizzes by you!
 The magic missile bounces!
 The magic missile whizzes by you!
 The giant beetle misses it.
 The giant beetle bites the giant beetle.
 What do you want to sacrifice? [G or ?*] ?
 What do you want to sacrifice? [G or ?*] G
 You offer the Amulet of Yendor to Manannan Mac Lir...
 An invisible choir sings, and you are bathed in radiance...
 The voice of Manannan Mac Lir booms out: "Mortal, thou hast done well!"
 "In return for thy service, I grant thee the gift of Immortality!"
 You ascend to the status of Demigod...
 Do you want your possessions identified? [ynq] (y) y
 Do you want to see your attributes? [ynq] (y) y
 Do you want an account of creatures vanquished? [ynaq] (y) y
 Do you want a list of species genocided and extinct? [ynaq] (y) y
 Do you want to see your conduct and achievements? [ynq] (y) y
 Do you want to see the dungeon overview? [ynq] (y) y

Inventory:
 Amulets  ('"')
  D - a blessed amulet of flying
  a - a blessed amulet of life saving (being worn)
  J - an amulet of life saving
  K - an amulet of life saving
  P - an amulet of life saving
  X - an amulet of life saving
  Z - a blessed amulet of magical breathing
 Weapons  (')')
  q - the blessed +6 Demonbane (alternate weapon; not wielded)
  x - the blessed rustproof +6 Stormbringer (weapon in right hand)
 Armor    ('[')
  H - the blessed tempered +4 Mitre of Holiness (being worn)
  N - a rustproof +4 pair of gauntlets of power (being worn)
  F - a blessed fireproof +4 pair of speed boots (being worn)
  d - a +4 shield of reflection (being worn)
  n - a fireproof +4 robe (being worn)
  C - a blessed fireproof +4 Hawaiian shirt with a flamingo motif (being worn)
  L - a blessed rotproof +4 gray dragon scale mail (being worn)
 Comestibles  ('%')
  g - 2 lembas wafers
  j - a homemade tin of flesh golem meat
  f - a blessed homemade tin of Kop Kaptain meat
  m - a blessed homemade tin of Medusa meat
  v - 4 blessed homemade tins of nurse meat
  k - 2 blessed homemade tins of shopkeeper meat
  O - a blessed homemade tin of stalker meat
  S - a blessed homemade tin of Wizard of Yendor meat
 Scrolls  ('?')
  r - a scroll of gold detection
 Spellbooks  ('+')
  y - the Book of the Dead
 Potions  ('!')
  Q - 2 potions of full healing
  Y - 2 potions of paralysis
 Rings    ('=')
  A - a blessed ring of conflict (on right hand)
  R - a ring of free action (on left hand)
  l - a ring of levitation
  e - a blessed ring of protection from shape changers
 Wands    ('/')
  E - a wand of cancellation named DO NOT STASH FOR THE LOVE OF GOD (0:6)
  T - a wand of death (0:4)
  h - a wand of death (1:2)
  t - a wand of probing (0:5)
  B - a wand of striking (0:3)
  z - a wand of teleportation (0:7)
 Tools    ('(')
  c - a blessed bag of holding containing 103 items
  M - the cursed Bell of Opening (0:1)
  b - a blindfold
  I - the Candelabrum of Invocation (0 of 7 candles attached)
  W - an expensive camera (0:46)
  i - a magic marker (0:17)
  w - a magic whistle
  o - a skeleton key
  s - a stethoscope
  u - a blessed +0 unicorn horn
 Gems/Stones  ('*')
  p - a blessed luckstone

Contents of the bag of holding:
  an amulet of reflection
  a blessed fireproof +4 cloak of protection
  a tin of nurse meat
  2 eggs
  3 lizard corpses
  3 lizard corpses
  2 blessed scrolls of charging
  2 scrolls of confuse monster
  a blessed scroll of earth
  4 scrolls of earth
  a scroll of enchant weapon
  a scroll of genocide
  a cursed scroll of genocide
  a scroll of gold detection
  2 scrolls of magic mapping
  4 blessed scrolls of remove curse
  a scroll of scare monster
  a blessed scroll of stinking cloud
  3 scrolls of stinking cloud
  3 blessed scrolls of taming
  a scroll of taming
  3 blessed scrolls of teleportation
  5 scrolls of teleportation
  a cursed scroll of teleportation
  a potion of gain energy
  a potion of healing
  a potion of see invisible
  7 potions of holy water
  a ring of free action
  a ring of free action
  a blessed ring of regeneration
  a ring of searching
  a ring of slow digestion
  a ring of stealth
  a blessed wand of cold (0:5)
  a wand of cold (0:7)
  a wand of death (0:4)
  a wand of death (0:0)
  a blessed wand of digging (0:0)
  a wand of digging (0:7)
  a wand of digging (0:7)
  a wand of fire (0:6)
  a wand of fire (0:6)
  a wand of fire (0:6)
  a wand of light (0:14)
  a wand of locking (0:8)
  a wand of locking (0:6)
  a wand of magic missile (0:7)
  a wand of magic missile (0:7)
  a wand of magic missile (0:5)
  a wand of magic missile (0:3)
  a wand of make invisible (0:4)
  a wand of polymorph (0:5)
  a wand of probing (0:6)
  a wand of probing (0:0)
  a wand of secret door detection (0:14)
  a wand of secret door detection (0:11)
  a cursed wand of secret door detection (0:6)
  a wand of sleep (0:8)
  a wand of sleep (0:6)
  a wand of sleep (0:2)
  a cursed wand of sleep (0:8)
  a wand of speed monster (0:0)
  a blessed wand of stasis (0:6)
  a wand of stasis (0:3)
  a wand of stasis (0:3)
  a wand of stasis (0:1)
  a wand of striking (0:5)
  a wand of teleportation (0:7)
  a wand of teleportation (0:6)
  a wand of teleportation (0:6)
  a wand of teleportation (0:2)
  a fire horn (0:6)
  a leash
  a blessed magic lamp
  a blessed magic marker (1:8)
  a blessed magic marker (1:6)
  a blessed magic marker (1:0)
  a magic marker (0:9)
  a skeleton key
  2 blessed tallow candles
  2 tallow candles
  a blessed tinning kit (0:58)
  a towel
  a blessed +0 unicorn horn
  4 blessed wax candles
  7 amber stones
  8 amethyst stones
  3 aquamarine stones
  11 black opals
  6 chrysoberyl stones
  5 citrine stones
  8 diamonds
  2 dilithium crystals
  15 emeralds
  a fluorite stone
  5 garnet stones
  4 jasper stones
  3 jet stones
  2 opals
  4 rubies
  4 topaz stones
  3 turquoise stones

FalseGod the Priest's attributes:

Background:
 You were a High Priest, a level 30 elven Priest.
 You were chaotic, on a mission for Manannan Mac Lir
 who was opposed by Lugh (lawful) and Brigit (neutral).
 You were right-handed.
 You were in the endgame, on the Astral Plane.
 You entered the dungeon 57310 turns ago.
 It was nighttime.
 You had 102648534 experience points.

Basics:
 You had 193 out of 194 hit points.
 You had 373 out of 504 energy points (spell power).
 Your armor class was -44.
 Your wallet was empty.
 Autopickup was off.

Final Characteristics:
 Your strength was 25 (base:18, innate limit:18).
 Your dexterity was 18 (limit:18).
 Your constitution was 16 (limit:16).
 Your intelligence was 17 (base:13, limit:20).
 Your wisdom was 24 (base:20, innate limit:20).
 Your charisma was 16 (limit:18).

Final Status:
 You were satiated.
 You were burdened; movement was slightly slowed.
 You were wielding a broadsword.
 You had basic skill with broadsword.

Final Attributes:
 You were the Glory of Arioch.
 You were piously aligned.
 You were magic-protected.
 You were fire resistant.
 Your items were protected from fire.
 You were cold resistant.
 You were sleep resistant.
 You were disintegration resistant.
 You were shock resistant.
 You were poison resistant.
 You were level-drain resistant.
 You saw invisible.
 You were telepathic.
 You were warned.
 You had infravision.
 You aggravated monsters.
 You caused conflict.
 You could teleport.
 You had teleport control.
 You had a moderate defense bonus (+10).
 You were protected.
 Your spell casting was enhanced by wearing a robe.
 You were very fast.
 You had reflection.
 You had free action.
 Your life would have been saved.
 You were extremely lucky.
 You had extra luck.
 Good luck did not time out for you.
 You survived.

Miscellaneous:
 You encountered 1 bones level.
 Total elapsed playing time was 1 day, 16 hours, 34 minutes and 33 seconds.

Major events:
 Turn
    1: FalseGod the chaotic elven Priest entered the dungeon
  659: attained the rank of Acolyte (level 3)
 1324: entered the Gnomish Mines
 1916: attained the rank of Adept (level 6)
 2115: reached Mine Town
 3933: was bestowed with Demonbane by Manannan Mac Lir
 4167: Kopasker, the general store proprietrix, has been killed
 4496: was bestowed with Trollsbane by Manannan Mac Lir
 4876: Baliga, the delicatessen proprietrix, has been killed
 5923: Malasgirt, the used armor dealership proprietor, has been killed
 7773: entered Sokoban
 7999: completed 1st Sokoban level
 8227: completed 2nd Sokoban level
 8746: completed 3rd Sokoban level
 9297: completed 4th Sokoban level
 9823: acquired the Sokoban bag of holding
11173: Inuvik, the general store proprietor, has been killed
12076: attained the rank of Priest (level 10)
12255: Hebiwerie, the general store proprietor, has been killed
14335: Ypey, the jewelers proprietor, has been killed
18733: performed his first genocide (class L)
21140: killed Croesus
21987: Touverac, the antique weapons outlet proprietrix, has been killed
22628: entered Home 1, the Quest
24331: killed Medusa
24481: attained the rank of Curate (level 14)
25022: was bestowed with Ogresmasher by Manannan Mac Lir
25416: chose an elven dagger to be named "Sting"
25416: chose an elven broadsword to be named "Orcrist"
25811: the Arch Priest has granted access to proceed deeper into the quest
25950: entered Home 2, the Quest
26220: attained the rank of Canon (level 18)
26340: entered Home 3, the Quest
27528: entered Home 4, the Quest
27796: entered Home 5, the Quest
28390: entered Home 6, the Quest
28394: found the Mitre of Holiness carried by a monster
28407: killed Nalzok
28408: acquired the Bell of Opening
29665: genocided class ;
29801: genocided class h
30967: entered Gehennom
31220: attained the rank of Lama (level 22)
32161: killed Juiblex
32288: killed Dispater
32460: killed Baalzebub
32849: killed Asmodeus
33754: just blew up his bag of holding
34655: killed Orcus
38334: Vlad the Impaler has been destroyed
38336: acquired the Candelabrum of Invocation
38799: Aned, the hardware store proprietor, has been killed
40057: was denied Excalibur!  The Lady of the Lake has deemed him unworthy
40128: acquired the Mines' End luckstone
40812: killed Yeenoghu
41411: Pakka Pakka, the general store proprietrix, has been killed
41417: just blew up his bag of holding
41589: stole 7 zorkmids worth of merchandise from Budereyri's general store
41595: killed Budereyri, the general store proprietor
43633: killed Medusa (2nd time)
47194: was chosen to steal souls for the Glory of Manannan Mac Lir
47194: was bestowed with Stormbringer
52541: attained the rank of Patriarch (level 26)
54679: killed the Wizard of Yendor
54680: acquired the Book of the Dead
54795: killed the Wizard of Yendor (2nd time)
54798: killed the Wizard of Yendor (3rd time)
54802: performed the invocation
55205: killed the high priestess of Moloch
55208: acquired The Amulet of Yendor
55208: declined to make a wish
55327: killed the Wizard of Yendor (5th time)
56809: entered the Elemental Planes
56809: entered Plane of Earth
56868: entered Plane of Air
56974: entered Plane of Fire
57056: entered Plane of Water
57203: entered the Astral Plane
57212: killed Famine
57220: attained the rank of High Priest (level 30)
57239: killed Famine (2nd time)
57270: killed Pestilence
57288: killed Pestilence (2nd time)
57294: the high priestess of Manannan Mac Lir has been killed
57310: ascended

Spells:
 Name                 Level Category     Fail Retention
 healing                1   healing       57%   45%-46%
 light                  1   clerical      63%   45%-46%
 identify               3   divination    63%   45%-46%
 detect monsters        1   divination    63%   45%-46%
 chain lightning        2   attack        63%   26%-50%
 cure sickness          3   healing       57%   21%-22%
 confuse monster        1   enchantment   63%    (gone)
 force bolt             1   attack        63%   26%-50%
 drain life             2   attack        63%    1%-25%
 clairvoyance           3   divination    63%   59%-60%
 restore ability        4   healing       57%   23%-24%
 remove curse           3   clerical       0%   59%-60%
 create monster         2   clerical      63%   25%-26%
 magic mapping          5   divination    63%   29%-30%
 fireball               4   attack        77%   26%-50%
 detect food            2   divination    63%   29%-30%
 create familiar        6   clerical      63%   29%-30%
 levitation             4   escape        77%   26%-50%
 stone to flesh         3   healing       63%     3%-4%
 magic missile          2   attack        63%    1%-25%
 knock                  1   matter        63%   51%-75%
 cure blindness         2   healing       57%   59%-60%
 sleep                  3   enchantment   63%    (gone)
 dig                    5   matter        85%   26%-50%
 wizard lock            2   matter        63%    (gone)
 protection             1   clerical      63%   75%-76%
 charm monster          5   enchantment   85%  76%-100%
 teleport away          6   escape        91%    1%-25%
 extra healing          3   healing       57%     3%-4%
 haste self             3   escape        63%    1%-25%
 turn undead            6   clerical      63%    9%-10%
 polymorph              6   matter        91%    1%-25%
 detect treasure        4   divination    63%   59%-60%
 detect unseen          3   divination    63%   59%-60%
 jumping                1   escape        63%  76%-100%
 cancellation           7   matter        98%  76%-100%

Skills:
 Fighting Skills
   bare handed combat [Unskilled]
 Weapon Skills
   broadsword         [Basic]
   club               [Unskilled]
   mace               [Expert]
   morning star       [Basic]
   flail              [Unskilled]
   hammer             [Unskilled]
   quarterstaff       [Unskilled]
   polearms           [Unskilled]
   spear              [Unskilled]
   trident            [Unskilled]
   lance              [Unskilled]
   bow                [Unskilled]
   sling              [Unskilled]
   crossbow           [Unskilled]
   dart               [Unskilled]
   shuriken           [Unskilled]
   boomerang          [Unskilled]
   unicorn horn       [Unskilled]
 Spellcasting Skills
   healing spells     [Expert]
   divination spells  [Expert]
   clerical spells    [Expert]

Voluntary challenges:
 Character rerolling was not enabled.
 You genocided 17 types of monsters.
 You never polymorphed an object.
 You used no wishes.
 You violated the special Sokoban rules thrice.
Achievements:
 You attained the rank of Acolyte.
 You entered a shop.
 You entered the Gnomish Mines.
 You attained the rank of Adept.
 You entered Minetown.
 You entered a temple.
 You entered Sokoban.
 You completed Sokoban.
 You attained the rank of Priest.
 You defeated Medusa.
 You attained the rank of Curate.
 You attained the rank of Canon.
 You had the Bell of Opening.
 You learned the tune to open and close the Castle's drawbridge.
 You entered Gehennom.
 You attained the rank of Lama.
 You had the Candelabrum of Invocation.
 You completed the Gnomish Mines.
 You attained the rank of Patriarch.
 You had the Book of the Dead.
 You gained access to Moloch's Sanctum.
 You reached the Elemental Planes.
 You reached the Astral Plane.
 You attained the rank of High Priest.
 You delivered the Amulet of Yendor.
 You ascended!

 The Elemental Planes:
    Astral Plane: <- You are here.
       Some temples and some altars.
    Plane of Water:
    Plane of Fire:
    Plane of Air:
    Plane of Earth:
 The Dungeons of Doom: levels 1 to 28
    Level 1:
       One way stairs up to The Elemental Planes.
    Level 2: "spells + vault"
       An altar.
    Level 3:
       A weapon shop, a fountain.
       Stairs down to The Gnomish Mines.
    Level 4: "vault + cache"
       An armor shop.
    Level 5: "vault also"
       A general store.
    Level 6:
       Many fountains.
       Oracle of Delphi.
    Level 7:
       A general store, an altar to Manannan Mac Lir.
       Stairs up to Sokoban, level 6.
    Level 8:
       An altar.
    Level 9:
       A general store, an altar, a sink.
    Level 10:
       A sink.
    Level 11:
    Level 12: "spellbook store on gem"
       A general store, a sink.
    Level 13: "spellbook stash in temple"
       A temple and an altar, a fountain.
       Portal to The Quest.
    Level 14:
    Level 15:
    Level 16:
       An untended shop.
    Level 17:
       A primitive area.
    Level 18:
       A sink.
    Level 19:
       A fountain.
    Level 20:
    Level 21:
    Level 22: "aligned priest + spellbooks"
       A temple and an altar to Manannan Mac Lir.
    Level 23:
    Level 24:
    Level 25:
       A temple and an altar.
       Portal to Fort Ludios.
    Level 26:
    Level 27:
       Some fountains, many trees.
    Level 28:
       The castle (play notes "BFBCG" to open or close drawbridge).
       Connection to Gehennom.
 Gehennom: levels 29 to 52
    Level 29:
       A temple and an altar, many graves.
       Valley of the Dead.
    Level 30: "spellbooks in chest by Ds"
    Level 31:
    Level 32:
    Level 33:
    Level 34:
       A fountain.
    Level 35:
    Level 36:
    Level 37:
    Level 38:
       Stairs up to Vlad's Tower, level 37.
    Level 39:
    Level 40: "gems+"
       Some shops, an altar, some graves.
    Level 41:
    Level 42:
    Level 43:
    Level 44:
    Level 45:
    Level 46:
       A temple and an altar.
    Level 47:
    Level 48: "prot + charm + jump Ds"
    Level 49:
    Level 50: "wizard entrance"
    Level 51:
    Level 52:
       A temple and an altar, many graves.
       Moloch's Sanctum.
 The Gnomish Mines: levels 4 to 12
    Level 4:
    Level 5:
    Level 6:
    Level 7:
       Many shops, a temple and an altar to Manannan Mac Lir, a fountain, a grave, some trees.
       Final resting place for
          npexception-Val-Hum-Fem-Law, killed by a watch captain.
    Level 8:
    Level 9:
    Level 10:
    Level 11:
    Level 12:
 The Quest: levels 1 to 6
    Level 1:
       A temple and an altar, many trees.
       Completed quest for the Arch Priest.
    Level 2:
       Many graves.
    Level 3: "spellbooks :("
       A temple and an altar, many graves.
    Level 4:
       Many graves.
    Level 5:
       Many graves.
    Level 6:
 Sokoban: levels 6 up to 3
    Level 3:
       Solved.
    Level 4:
       Solved.
    Level 5:
       Solved.
    Level 6:
       Solved.
 Fort Ludios:
    Level 1:
 Vlad's Tower: levels 37 up to 35
    Level 35:
       A throne.
    Level 36:
    Level 37:


Vanquished creatures:
    Asmodeus
    Baalzebub
    Dispater
    Orcus
    Yeenoghu
  3 erinyes
    Juiblex
the Wizard of Yendor (6 times)
    Pestilence (twice)
    Famine (twice)
    Vlad the Impaler
  2 high clerics
  2 mastodons
    Medusa (twice)
    Croesus
  a kraken
  9 iron golems
  6 storm giants
  a titan
  4 glass golems
 12 balrogs
    Nalzok
 10 purple worms
  3 gray dragons
  3 gold dragons
  8 silver dragons
  7 red dragons
  5 white dragons
  3 orange dragons
  6 black dragons
  a blue dragon
  5 green dragons
  6 yellow dragons
 27 minotaurs
  5 jabberwocks
 10 baluchitheria
  8 Angels
  3 stone golems
 13 Olog-hai
  8 Nazgul
 13 pit fiends
  2 sandestins
  8 hell hounds
  6 displacer beasts
 12 titanotheres
  2 trappers
  3 baby red dragons
  a baby orange dragon
  a baby blue dragon
  2 baby yellow dragons
  a guardian naga
  7 genetic engineers
 11 disenchanters
 44 vampire leaders
  6 skeletons
 10 shopkeepers
 22 aligned clerics
  7 captains
  6 shades
  3 clay golems
 15 nurses
 12 ice devils
 10 nalfeshnees
 12 lurkers above
  5 frost giants
  8 ettins
  a golden naga
  8 black puddings
 50 vampires
 17 lieutenants
  2 watch captains
109 ghosts
  a cleric
  2 queen bees
  6 winged gargoyles
  2 mind flayers
 18 giant mimics
 10 long worms
 11 zruties
 16 fire giants
  8 ogre tyrants
  4 ice trolls
 11 rock trolls
  7 umber hulks
 13 flesh golems
  6 elven monarchs
  5 doppelgangers
 20 hezrous
 34 bone devils
  8 large mimics
  6 wumpuses
  9 fire vortices
  5 couatls
  8 stalkers
 13 air elementals
 18 fire elementals
 16 earth elementals
 14 water elementals
  8 hill giants
 10 giant mummies
  8 black nagas
 16 xorns
 43 giant zombies
  9 elf-nobles
 18 sergeants
  a water demon
  6 barbed devils
 16 vrocks
 11 salamanders
 21 wargs
  2 winter wolves
  9 hell hound pups
 34 small mimics
  3 glass piercers
  9 warhorses
 11 steam vortices
 17 xans
  7 ettin mummies
  6 ogre leaders
 14 quantum mechanics
 16 trolls
  4 sasquatches
  2 wood golems
 11 mariliths
  2 djinn
  4 sharks
 11 gelatinous cubes
  8 pyrolisks
  6 large dogs
  7 freezing spheres
  9 flaming spheres
  8 shocking spheres
  6 large cats
 11 tigers
  9 gargoyles
  4 tengu
  9 ochre jellies
 10 leocrottas
  5 energy vortices
  7 mountain centaurs
  4 stone giants
  3 elf mummies
  5 human mummies
 14 red nagas
  5 green slimes
  4 pythons
 12 pit vipers
 14 cobras
155 wraiths
  6 carnivorous apes
 60 ettin zombies
  4 leather golems
  9 Grey-elves
118 soldiers
  2 watchmen
 22 amorous demons
 12 horned devils
 11 chameleons
  4 crocodiles
 93 giant beetles
 11 quivering blobs
 19 cockatrices
 18 wolves
  9 winter wolf cubs
  5 lynxes
  6 panthers
 14 gremlins
  3 spotted jellies
 66 leprechauns
  6 orc-captains
  7 iron piercers
  4 mumakil
 11 giant spiders
 14 scorpions
  8 horses
 an ice vortex
  a baby long worm
  9 black lights
 16 vampire bats
  7 forest centaurs
  6 gnome rulers
  2 orc mummies
  6 dwarf mummies
  3 ogres
  5 brown puddings
 18 rust monsters
 26 owlbears
  7 yetis
  2 gold golems
  4 werewolves
  6 Green-elves
 10 giant eels
 13 lizards
 14 chickatrices
  a dingo
  2 dogs
  3 housecats
  5 jaguars
  5 dwarf leaders
 10 blue jellies
  5 white unicorns
  4 gray unicorns
  3 black unicorns
 12 dust vortices
  7 ravens
  5 plains centaurs
  4 Kop Kaptains
  8 gnome mummies
 15 snakes
 21 apes
161 human zombies
  3 rope golems
  3 Woodland-elves
 83 soldier ants
 42 fire ants
 29 bugbears
  2 imps
  3 lemures
  8 quasits
  a wood nymph
  8 water nymphs
 13 mountain nymphs
 13 Mordor orcs
 14 Uruk-hai
  3 orc shamans
  8 rock piercers
  4 rock moles
  4 ponies
 28 fog clouds
  9 yellow lights
  3 shriekers
  6 violet fungi
 25 gnome leaders
  5 gnomish wizards
  3 Kop Lieutenants
  2 kobold mummies
  5 black naga hatchlings
  8 gray oozes
  6 barrow wights
 47 elf zombies
 48 ghouls
  5 straw golems
  4 paper golems
  2 jellyfish
 87 giant ants
  4 little dogs
 10 floating eyes
  4 kittens
 15 dwarves
  5 homunculi
  5 kobold leaders
  4 kobold shamans
 49 hill orcs
 17 rothes
  8 rabid rats
  2 centipedes
  4 giant bats
  9 Kop Sergeants
  2 monkeys
 54 orc zombies
 52 dwarf zombies
  3 wererats
  5 werejackals
  9 iguanas
 99 killer bees
  6 acid blobs
  6 coyotes
  4 hobbits
 19 manes
  2 large kobolds
 28 hobgoblins
  6 giant rats
 11 cave spiders
  a brown mold
  2 yellow molds
  6 green molds
  a red mold
 62 gnomes
 27 Keystone Kops
 17 garter snakes
 43 gnome zombies
  8 geckos
  8 jackals
  4 kobolds
  6 goblins
  7 grid bugs
  5 bats
  6 lichens
 58 kobold zombies
 17 newts
3746 creatures vanquished.

Genocided or extinct species:
 erinyes (extinct)
 arch-liches
 krakens
 master liches
 demiliches
 master mind flayers
 Nazgul (extinct)
 liches
 mind flayers
 sharks
 electric eels
 dwarf rulers
 wraiths (extinct)
 soldiers (extinct)
 piranha
 giant eels
 dwarf leaders
 human zombies (extinct)
 bugbears
 jellyfish
 dwarves
 hobbits
17 species genocided.
5 species extinct.

Goodbye FalseGod the Demigod...

You went to your reward with 3795252 points,
Demonbane (worth 2500 zorkmids and 6250 points)
Stormbringer (worth 8000 zorkmids and 20000 points)
The Book of the Dead (worth 10000 zorkmids and 25000 points)
The Mitre of Holiness (worth 2000 zorkmids and 5000 points)
The Candelabrum of Invocation (worth 5000 zorkmids and 12500 points)
The Bell of Opening (worth 5000 zorkmids and 12500 points)
      15 emeralds (worth 37500 zorkmids),
      11 black opals (worth 27500 zorkmids),
       8 diamonds (worth 32000 zorkmids),
       8 amethyst stones (worth 4800 zorkmids),
       7 amber stones (worth 7000 zorkmids),
       6 chrysoberyl stones (worth 4200 zorkmids),
       5 citrine stones (worth 7500 zorkmids),
       5 garnet stones (worth 3500 zorkmids),
       4 rubies (worth 14000 zorkmids),
       4 topaz stones (worth 3600 zorkmids),
       4 jasper stones (worth 2000 zorkmids),
       3 turquoise stones (worth 6000 zorkmids),
       3 aquamarine stones (worth 4500 zorkmids),
       3 jet stones (worth 2550 zorkmids),
       2 dilithium crystals (worth 9000 zorkmids),
       2 opals (worth 1600 zorkmids),
       1 fluorite stone (worth 400 zorkmids),
       5 amulets of life saving (worth 750 zorkmids),
       1 amulet of reflection (worth 150 zorkmids),
       1 amulet of magical breathing (worth 150 zorkmids),
       1 amulet of flying (worth 150 zorkmids),
and 0 pieces of gold, after 57310 moves.
You were level 30 with a maximum of 194 hit points when you ascended.

